 Dungeon Crawl Stone Soup version 0.18.1-50-g88ac8fd (webtiles) character file.

157 Gargoyl the Skirmisher (level 5, -3/42 HPs)
             Began as a Demonspawn Abyssal Knight on Sept 23, 2016.
             Was a Believer of Lugonu.
             Slain by Sigmund
             ... wielding a +0 scythe
              (7 damage)
             ... on level 3 of the Dungeon.
             The game lasted 00:06:02 (2607 turns).

Gargoyl the Skirmisher (Demonspawn Abyssal Knight)  Turns: 2607, Time: 00:06:04

Health: -3/42      AC: 12    Str: 12 (13) XL:     5   Next: 15%
Magic:  7/7        EV:  9    Int: 10 (13) God:    Lugonu [**....]
Gold:   284        SH:  0    Dex: 11 (13) Spells: 0 memorised, 4 levels left

rFire  . . .     SeeInvis .     a - +1 hand axe
rCold  . . .     Gourm    .     b - +3 scale mail {rPois}
rNeg   . . .     Faith    .     (no shield)
rPois  +         Spirit   .     (no helmet)
rElec  .         Dismiss  .     w - +0 cloak
rCorr  +         Reflect  .     f - +0 pair of gloves
SustAt .         Harm     .     (no boots)
MR     .....                    (no amulet)
Stlth  ..........               m - ring of resist corrosion
                                h - ring of poison resistance

@: flying (expiring), not resistant to hostile enchantments, extremely
unstealthy
A: demonic guardian 1, rot immunity
a: Depart the Abyss, Bend Space, Renounce Religion


You were on level 3 of the Dungeon.
You worshipped Lugonu.
Lugonu was pleased with you.
You were not hungry.

You visited 1 branch of the dungeon, and saw 3 of its levels.
You visited the Abyss 1 time.

You collected 284 gold pieces.

Inventory:

Hand Weapons
 a - a +1 hand axe (weapon)
Missiles
 t - 6 poisoned tomahawks (quivered)
Armour
 b - a +3 scale mail of poison resistance (worn)
 f - a +0 pair of gloves (worn)
 w - a +0 cloak (worn)
Jewellery
 h - a ring of poison resistance (left hand)
 m - a ring of resist corrosion (right hand)
 y - an uncursed amulet of magic regeneration {unknown}
Wands
 u - a wand of paralysis (10/24)
Scrolls
 g - 11 scrolls of identify {unknown}
 i - a scroll of immolation {unknown}
 o - a scroll of teleportation {unknown}
 v - a scroll of amnesia {unknown}
Potions
 e - a potion of agility {unknown}
 l - 2 potions of degeneration
 p - 2 potions of might
 q - a potion of curing {unknown}
Comestibles
 c - 2 bread rations
 j - a royal jelly
 n - a meat ration
 s - 2 fruits


   Skills:
 + Level 3.8 Fighting
 + Level 2.4 Axes
 * Level 3.1 Armour
 + Level 2.0 Dodging
 * Level 3.1 Invocations


You had 4 spell levels left.
You didn't know any spells.

Dungeon Overview and Level Annotations

Branches:
Dungeon (3/15)

Altars:
Cheibriados
Dithmenos
Elyvilon
Gozag
Makhleb
Nemelex Xobeh
Qazlal
Ru
Vehumet

Annotations:
D:3 Sigmund


Innate Abilities, Weirdness & Mutations

A weak demonic guardian rushes to your aid.
You are immune to rotting.


Message History

* * * LOW HITPOINT WARNING * * *
Drink which item? (? for menu, Esc to quit)
It was a potion of brilliance.
You feel clever all of a sudden.
You hear some strange, mumbled words.
You are confused.
Drink which item? (? for menu, Esc to quit)
It was a potion of flight.
You feel very buoyant.
You fly up into the air.
You hear some strange, mumbled words.
Something tries to affect you, but you resist.
Drink which item? (? for menu, Esc to quit)
It was a potion of cancellation.
Your magical effects are unravelling.
You feel magically purged.
You feel less confused.
You feel a little less mighty now.
You feel a little less clever now. Something hits you!
You die...

.# .# $...#
.########## #....#
..........# .....#
##### ######....# ....
#).)# #....# ... #)))#
#....#######.### #)))#
#..............# ##)##
#..........@...# ##)#
####...........{..#
#)##
###.......####..#####
##)# ....###..## #>.#
#)## # .#####...#
###..##.## ##)## #
.### #.#.# #..[.......
#)..## #
...###.#.###.##.#.....
#.P..#
##.....#.#...##.#.....
#....#
#.........##.........
#....#


There were no monsters in sight!

Vanquished Creatures
  Ijyb (D:2)
  An orc wizard (D:3)
  2 adders
  2 dart slugs (D:3)
  An orc (D:3)
  A ball python (D:2)
  6 bats
  3 giant cockroaches
  13 goblins
  7 hobgoblins
  3 jackals (D:2)
  2 quokkas
  3 giant newts
  6 kobolds
  12 rats
63 creatures vanquished.

Vanquished Creatures (collateral kills)
  Crazy Yiuf (D:3)
  An orc (D:3)
  2 goblins (D:2)
4 creatures vanquished.

Vanquished Creatures (others)
  A worm (D:2)
1 creature vanquished.

Grand Total: 68 creatures vanquished

Notes
Turn   | Place    | Note
--------------------------------------------------------------
     0 | Abyss:1  | Gargoyl the Demonspawn Abyssal Knight began the quest for the Orb.
     0 | Abyss:1  | Reached XP level 1. HP: 18/18 MP: 2/2
    31 | Abyss:1  | Noticed a small abomination
    76 | Abyss:1  | Noticed a wraith
    87 | Abyss:1  | Noticed a starcursed mass
    95 | Abyss:1  | Noticed a spatial vortex
   106 | Abyss:1  | Noticed a worldbinder
   107 | Abyss:1  | Noticed a small abomination
   109 | Abyss:1  | Noticed a shadow
   112 | Abyss:1  | Noticed a spatial vortex
   114 | Abyss:1  | Noticed an iron imp
   118 | Abyss:1  | Noticed a raiju
   119 | D:1      | Escaped the Abyss
   359 | D:1      | Reached skill level 1 in Dodging
   512 | D:1      | Gained mutation: A weak demonic guardian rushes to your aid. [demonic ancestry]
   512 | D:1      | Reached XP level 2. HP: 24/24 MP: 3/3
   622 | D:1      | Reached * piety under Lugonu
  1168 | D:2      | Noticed Ijyb
  1177 | D:2      | Gained mutation: You are immune to rotting. [demonic ancestry]
  1177 | D:2      | Reached XP level 3. HP: 20/29 MP: 4/4
  1216 | D:2      | Killed Ijyb
  1351 | D:2      | Reached XP level 4. HP: 35/35 MP: 6/6
  1401 | D:2      | Reached ** piety under Lugonu
  1414 | D:2      | Found a sacrificial altar of Ru.
  1671 | D:2      | Found a sparkling altar of Nemelex Xobeh.
  1942 | D:3      | Found a burning altar of Makhleb.
  1944 | D:3      | Found an opulent altar of Gozag.
  1944 | D:3      | Found a snail-covered altar of Cheibriados.
  1944 | D:3      | Found a white marble altar of Elyvilon.
  1945 | D:3      | Found a radiant altar of Vehumet.
  1946 | D:3      | Found a shadowy altar of Dithmenos.
  1946 | D:3      | Found a sacrificial altar of Ru.
  2078 | D:3      | Found a stormy altar of Qazlal.
  2136 | D:3      | Noticed Crazy Yiuf
  2140 | D:3      | Killed Crazy Yiuf
  2208 | D:3      | Reached XP level 5. HP: 17/42 MP: 7/7
  2572 | D:3      | Noticed Sigmund
  2607 | D:3      | Slain by Sigmund

Skill      XL: |  1  2  3  4 |
---------------+-------------+-----
Dodging        | 1 2 |  2.0
Armour         | 2 3 |  3.1
Axes           | 2 |  2.4
Invocations    | 3 |  3.1
Fighting       | |  3.8

Action                   |  1- 3 |  4- 6 || total
-------------------------+-------+-------++-------
Melee: Hand axe          |   107 |   143 ||   250
Invok: Depart the Abyss  |     1 |       ||     1
  Use: Potion            |     1 |     5 ||     6
  Eat: Chunk             |     2 |     4 ||     6
Armor: Ring mail         |    67 |       ||    67
       Scale mail        |     3 |    96 ||    99
Dodge: Dodged            |    82 |    55 ||   137
